 Seeded DCSS version 0.28.0-43-g3370ac3207 (webtiles) character file.

Game seed: 3182917763268536191 (custom seed)

384 Kazon the Sneak (level 6, 0/43 HPs)
             Began as an Octopode Fighter on Mar 2, 2022.
             Was an Initiate of Dithmenos.
             Slain by Menkaure (23 damage)
             ... on level 4 of the Dungeon.
             The game lasted 00:11:56 (2533 turns).

Kazon the Sneak (Octopode Fighter)                  Turns: 2533, Time: 00:11:58

Health: 0/43       AC:  1    Str: 23    XL:     6   Next: 77%
Magic:  16/16      EV: 13    Int: 10    God:    Dithmenos [......]
Gold:   160        SH:  4    Dex: 12    Spells: 5/5 levels left

rFire   . . .      SeeInvis .   q - +0 flail (drain)
rCold   . . .      Faith    .   b - +0 buckler
rNeg    . . .      Spirit   .   (helmet restricted)
rPois   .          Reflect  .   (no amulet)
rElec   .          Harm     .   k - +6 ring of strength
rCorr   .          Rampage  .   s - ring of magical power
Will    .....                   (no ring)
Stlth   ++++......              (no ring)
HPRegen 0.14/turn               (no ring)
MPRegen 0.15/turn               (no ring)
                                (no ring)
                                (no ring)

@: no status effects
A: almost no armour, amphibious, 8 rings, camouflage 1, gelatinous body 1,
(nimble swimmer 1), tentacles
a: Renounce Religion


You were on level 4 of the Dungeon.
You worshipped Dithmenos.
Dithmenos was noncommittal.
You visited 1 branch of the dungeon, and saw 4 of its levels.

You collected 160 gold pieces.

Inventory:

Hand Weapons
 a - a +0 flail
 e - a +0 short sword
 q - a +0 flail of draining (weapon)
 v - a +2 whip of venom
Missiles
 h - 35 sling bullets
 l - 56 stones
 o - a throwing net (quivered)
 p - 6 poisoned darts
Armour
 b - a +0 buckler (worn)
Jewellery
 k - a +6 ring of strength (left tentacle)
 s - a ring of magical power (right tentacle)
Scrolls
 d - a scroll of fear {unknown}
 f - a scroll of magic mapping {unknown}
 i - 2 scrolls of identify {unknown}
 j - 2 scrolls of enchant weapon {unknown}
 m - a scroll of silence {unknown}
 r - a scroll of fog {unknown}
 y - a scroll of enchant armour {unknown}
Potions
 c - 3 potions of might
 g - 2 potions of haste {unknown}
 n - a potion of mutation {unknown}
 t - a potion of curing {unknown}
 u - a potion of lignification {unknown}
 w - a potion of flight {unknown}
 x - a potion of magic {unknown}


   Skills:
 * Level 4.0 Fighting
 + Level 1.9 Short Blades
 + Level 2.7 Maces & Flails
 + Level 1.5 Throwing
 + Level 3.5 Dodging
 + Level 5.3 Stealth
 + Level 3.4 Shields
 * Level 1.4 Invocations


You had 5 spell levels left.
You didn't know any spells.
Your spell library was empty.

Dungeon Overview and Level Annotations

Branches:
Dungeon (4/15)
 Temple: D:4-7

Altars:
Dithmenos

Shops:
D:4 =

Annotations:
D:4 Menkaure


Innate Abilities, Weirdness & Mutations

You cannot wear most types of armour.
You are amphibious.
You can wear up to eight rings at the same time.
Your skin changes colour to match your surroundings (Stealth+).
Your rubbery body absorbs attacks. (AC +1, EV +1)
((You are camouflaged when in or above water. (Stealth+)))
You have tentacles for arms and can constrict up to eight enemies at once.


Message History

There is an entrance to Iteneif's Jewellery Boutique here.
You open the door.
Found 17 stones.
There is an open door here.
l - 54 stones (gained 17)
There is an open door here.
Found 10 gold pieces.
Found a stone staircase leading down.
There is an open door here.
Found a stone staircase leading up.
A kobold comes into view. It is wielding a +0 dagger.
You see here 10 gold pieces.
You now have 160 gold pieces (gained 10).
The kobold shouts!
You hit the kobold.
You kill the kobold!
Dithmenos accepts your kill.
Found a helmet.
l - 56 stones (gained 2)
You see here a +0 dagger.
As you open the door, it creaks loudly!
Found a short sword.
There is an open door here.
Found a stone staircase leading down.
Menkaure, Prince of Dust comes into view.
Found a stone staircase leading down.
You hit Menkaure. You grab Menkaure. You squeeze Menkaure, but do no damage.
Menkaure is lightly damaged.
You constrict Menkaure. Menkaure hits you.
You hit Menkaure but do no damage. You squeeze Menkaure.
Menkaure is heavily damaged.
You constrict Menkaure.
Menkaure calls on the powers of darkness!
Your body is wracked with pain!
You hit Menkaure but do no damage.
Menkaure is severely damaged.
You constrict Menkaure.
Menkaure's bandages flutter.
Menkaure hits you!!
Ouch! That really hurt!
You die...

##+########## #...........#
.... +...M@...)..#
......#....##.....#
.....[#.... #.....#
......#.... #.....# .
......#..>. #.....##...
...<..#######.......... #.
............#..........
#..########......##'##.###+#
#.........#)........>#.#


You could see Menkaure.

Vanquished Creatures
  Edmund (D:4)
  A scorpion (D:3)
  An orc priest (D:3)
  Natasha (twice) (D:2)
  3 adders
  An ufetubus (D:4)
  3 worms
  4 dart slugs
  5 orcs (D:3)
  9 endoplasms
  4 giant cockroaches
  3 goblins
  6 hobgoblins
  4 jackals (D:1)
  4 quokkas
  5 ball pythons
  3 bats
  3 frilled lizards
  7 kobolds
  6 rats
75 creatures vanquished.

Notes
Turn   | Place    | Note
-------+----------+-------------------------------------------
     0 | D:1      | Kazon the Octopode Fighter began the quest for the Orb.
     0 | D:1      | Reached XP level 1. HP: 16/16 MP: 1/1
    68 | D:1      | Reached XP level 2. HP: 15/21 MP: 2/2
   217 | D:1      | Reached XP level 3. HP: 14/26 MP: 3/3
   501 | D:1      | Reached skill level 1 in Stealth
   930 | D:2      | Reached skill level 1 in Short Blades
   986 | D:2      | Reached skill level 2 in Stealth
   986 | D:2      | Reached XP level 4. HP: 31/31 MP: 4/4
  1036 | D:2      | Noticed Natasha
  1041 | D:2      | Killed Natasha
  1042 | D:2      | Reached skill level 3 in Stealth
  1119 | D:2      | Noticed Natasha
  1128 | D:2      | Killed Natasha
  1129 | D:2      | Reached skill level 4 in Stealth
  1129 | D:2      | Reached XP level 5. HP: 25/36 MP: 5/5
  1852 | D:3      | Found a shadowy altar of Dithmenos.
  1857 | D:3      | Became a worshipper of Dithmenos the Shadowed
  2042 | D:3      | Reached skill level 1 in Throwing
  2042 | D:3      | Reached XP level 6. HP: 43/43 MP: 6/6
  2060 | D:3      | Found a faded altar of an unknown god.
  2112 | D:3      | Reached skill level 5 in Stealth
  2441 | D:4      | Noticed Edmund
  2451 | D:4      | Killed Edmund
  2452 | D:4      | Reached skill level 1 in Invocations
  2471 | D:4      | Found Iteneif's Jewellery Boutique.
  2529 | D:4      | Noticed Menkaure
  2533 | D:4      | Slain by Menkaure

Illustrated notes

Levels and vault maps discovered:
D:1:      lightli_arrival_quake, layout_loops_ring
D:2:      layout_loops_cross, minmay_misc_feat_roman, uniq_natasha
D:3:      layout_basic, general_overflow_altar,
          dreamdust_ecumenical_altar_statues
D:4:      layout_gridville, minmay_temple_entry_gardened_gates, serial_shops,
          nicolae_shop_crystal, uniq_edmund, uniq_menkaure

Skill      XL: |  1  2  3  4  5  6 |
---------------+-------------------+-----
Stealth        | 2 4 5 |  5.3
Short Blades   | 1 |  1.9
Throwing       | 1 |  1.5
Fighting       | 4 |  4.0
Invocations    | 1 |  1.4
Maces & Flails | |  2.7
Dodging        | |  3.5
Shields        | |  3.4

Action                   |  1- 3 |  4- 6 || total
-------------------------+-------+-------++-------
Melee: Flail             |    12 |     4 ||    16
       Constrict         |    17 |    17 ||    34
       Short sword       |    62 |    22 ||    84
       Tentacles         |    16 |    18 ||    34
       Whip              |       |    43 ||    43
       Punch             |       |     1 ||     1
Throw: Stone             |     2 |    13 ||    15
       Dart              |       |    20 ||    20
       Throwing net      |       |     1 ||     1
 Stab: Sleeping          |    17 |     9 ||    26
       Held in net/web   |       |     2 ||     2
Armor: Skin              |     5 |     2 ||     7
Dodge: Dodged            |    33 |    23 ||    56
Block: Buckler           |    14 |     9 ||    23
